 Dungeon Crawl Stone Soup version 0.30-a0-719-gcc4359ea44 (webtiles) character file.

Game seed: 9673800734067301206

1490 demibob the Cruncher (level 8, -2/56 HPs)
             Began as a Demonspawn Gladiator on Jan 27, 2023.
             Was an Initiate of Kikubaaqudgha.
             Slain by a hornet (8 damage)
             ... on level 6 of the Dungeon.
             The game lasted 00:10:41 (6046 turns).

demibob the Cruncher (Demonspawn Gladiator)         Turns: 6046, Time: 00:10:42

Health: -2/56      AC: 12    Str: 16    XL:     8   Next: 51%
Magic:  8/8        EV: 13    Int: 11    God:    Kikubaaqudgha [......]
Gold:   316        SH:  0    Dex: 20    Spells: 6/7 levels left

rFire   . . .      SeeInvis .    a - +1 quarterstaff
rCold   + . .      Faith    +    (shield currently unavailable)
rNeg    . . .      Spirit   .    b - +1 leather armour
rPois   .          Reflect  .    (helmet restricted)
rElec   .          Harm     .    (no cloak)
rCorr   +          Rampage  .    w - +2 pair of gloves of Depression {Fly rC+}
Will    .....                    q - +1 pair of boots
Stlth   +                        j - amulet of faith {!P}
HPRegen 0.29/turn                D - +6 ring of dexterity
MPRegen 0.22/turn                R - ring of resist corrosion

@: mighty, lethally poisoned (-2 -> -19), flying, slowed, very slow
A: horns 2, molten scales 2, powered by death 1, magic regeneration
a: Renounce Religion


You were on level 6 of the Dungeon.
You worshipped Kikubaaqudgha.
Kikubaaqudgha was noncommittal.
You visited 2 branches of the dungeon, and saw 7 of its levels.
You also visited: Sewer.

You collected 316 gold pieces.


Innate Abilities, Weirdness & Mutations

You have a pair of horns on your head.
You are mostly covered in molten scales. (AC +3)
You regenerate a little health from kills.
You regenerate magic rapidly.


   Skills:
 - Level 2.0 Fighting
 + Level 10.2 Staves
 - Level 1.7 Throwing
 - Level 2.6 Dodging


You had 6 spell levels left.
You knew the following spells:

 Your Spells              Type           Power      Damage    Failure   Level
X - Kiss of Death         Conj/Necr      0%         2d5       41%         1

Your spell library contained the following spells:

 Spells                   Type           Power      Damage    Failure   Level
 Confusing Touch          Hex            0%         N/A       78%         3
 Cause Fear               Hex            0%         N/A       99%         4
 Dispel Undead            Necr           0%         3d6       99%         4
 Dragon Form              Tmut           0%         N/A       100%        7
 Dragon's Call            Summ           0%         N/A       100%        9

Inventory:

Hand Weapons
 a - a +1 quarterstaff (weapon)
Missiles
 d - 2 throwing nets (quivered) {=f}
 e - a javelin
 s - a curare-tipped dart {=f}
Armour
 b - a +1 leather armour (worn)
 q - a +1 pair of boots (worn)
 w - the +2 pair of gloves of Depression (worn) {Fly rC+}
   (You found it on level 6 of the Dungeon)

   rC:        It protects you from cold.
   Fly:       It grants you flight.
Magical Staves
 n - a staff of earth {!a}
Jewellery
 j - an amulet of faith (around neck) {!P}
 D - a +6 ring of dexterity (left hand)
 R - a ring of resist corrosion (right hand)
Wands
 i - a wand of flame (18)
Scrolls
 c - 4 scrolls of identify {@r1}
 f - 3 scrolls of teleportation {@r2}
 g - 2 scrolls of summoning
 m - a scroll of vulnerability
 o - a scroll of blinking
 t - a scroll of fear
 u - a scroll of noise {unknown}
Potions
 k - a potion of lignification
 l - a potion of mutation
 r - a potion of brilliance {unknown}
 v - a potion of curing {@q1}

Dungeon Overview and Level Annotations

Branches:
Dungeon (6/15)             Temple (1/1) D:4           Sewer (visited)

Altars:
Ashenzari
Fedhas
Kikubaaqudgha
Makhleb
Okawaru
Ru
Sif Muna
Trog
Uskayaw
Wu Jian
Xom

Annotations:
D:6 1 runed translucent door, Hubris850's ghost, novice MfIE

.. <. ..######################
........................
........................
........................
........................
.........)......@y......
###'###########.......#########..
#......#.....#.......#.......#..
#......'.....#.......#.......#..
.'......#.....#.......#.......#..
##......#.....#.......#.......#..
#......#.....#.......#....†..#..
#.......#.....#.......#.......#..
#######.#####'#.......#######'#..


You could see a hornet.


Message History

The hornet is lightly wounded.
The hornet closely misses you.
You hit the hornet but do no damage.
The hornet is lightly wounded.
You feel yourself speed up. The hornet closely misses you.
The hornet misses you.
You closely miss the hornet.
The hornet is lightly wounded.
The hornet completely misses you.
You barely miss the hornet. Your headbutt misses the hornet.
The hornet is lightly wounded.
The hornet completely misses you.
The hornet stings you but does no damage.
You hit the hornet but do no damage.
The hornet is lightly wounded.
The hornet stings you!
You are poisoned.
You suddenly lose the ability to move!
You feel sick. The hornet stings you!
* * * LOW HITPOINT WARNING * * *
You feel yourself slow down.
You can move again.
You feel very mighty all of a sudden.
You feel sick. The hornet barely misses you. The hornet stings you!
* * * LOW HITPOINT WARNING * * *
You are lethally poisoned!
You feel as though you will be slow longer.
The hornet stings you!
You die...
Kikubaaqudgha rasps: "You have failed me!
Welcome... death!"

Skill      XL: |  1  2  3  4  5  6  7  8 |
---------------+-------------------------+-----
Staves         | 3 4 5 6 7 9 10 | 10.2
Fighting       | |  2.0
Throwing       | |  1.7
Dodging        | |  2.6

Action                     |  1- 3 |  4- 6 |  7- 9 || total
---------------------------+-------+-------+-------++-------
  Melee: Quarterstaff      |   102 |   182 |   143 ||   427
         Headbutt          |       |    26 |    31 ||    57
  Throw: Throwing net      |       |       |     2 ||     2
    Use: Scroll            |     4 |     4 |     2 ||    10
         Potion            |     2 |     6 |     1 ||     9
   Stab: Sleeping          |     1 |       |       ||     1
         Invisible         |       |     7 |       ||     7
 Armour: Leather armour    |    32 |    56 |    46 ||   134
  Dodge: Dodged            |    58 |   126 |    82 ||   266

Levels and vault maps discovered:
D:1:      nzn_arrival_depleted_hourglass, layout_loops_ring
D:2:      layout_basic, minmay_pentomino_pile
D:3:      layout_loops_cross, portal_sewer_entry_a,
          chequers_serial_rivers_small_b
D:4:      layout_basic, mainiacjoe_overflow_six_doors_small,
          minmay_temple_entry_from_below_a, kennysheep_big_empty_room,
          minmay_misc_feat_plants, uniq_natasha
D:5:      layout_basic, grunt_decor_cap, lightli_corner_chamber
D:6:      layout_gridville, nicolae_overflow_crystal_walls,
          gammafunk_ghost_grave, nicolae_half_adder
Temple:   nicolae_temple_great_sept

Notes
Turn   | Place    | Note
-------+----------+-------------------------------------------
     0 | D:1      | demibob the Demonspawn Gladiator began the quest for the
                  | Orb.
     0 | D:1      | Reached XP level 1. HP: 16/16 MP: 1/1
   124 | D:1      | Reached skill level 3 in Staves
   166 | D:1      | Gained mutation: You are partially covered in molten
                  | scales. (AC +2) [demonic ancestry]
   166 | D:1      | Reached XP level 2. HP: 22/22 MP: 2/2
   791 | D:2      | Gained mutation: You regenerate a little health from kills.
                  | [demonic ancestry]
   791 | D:2      | Reached XP level 3. HP: 27/27 MP: 3/3
   946 | D:2      | Reached skill level 4 in Staves
  1080 | D:2      | Noticed a necrophage
  1092 | D:2      | Killed a necrophage
  1093 | D:2      | Gained mutation: You have a pair of small horns on your
                  | head. [demonic ancestry]
  1093 | D:2      | Reached XP level 4. HP: 32/33 MP: 4/4
  1571 | D:3      | You fall into a shaft and drop 2 floors!
  1571 | D:5      | Entered Level 5 of the Dungeon
  1628 | D:5      | Reached skill level 5 in Staves
  1717 | D:5      | Noticed a scorpion
  1717 | D:5      | Noticed a water moccasin
  1806 | D:4      | Found a burning altar of Makhleb.
  1860 | D:3      | Found a glowing drain.
  1873 | Sewer    | Entered a sewer
  1885 | Sewer    | Gained mutation: You are mostly covered in molten scales.
                  | (AC +3) [demonic ancestry]
  1885 | Sewer    | Reached XP level 5. HP: 35/38 MP: 5/5
  2142 | Sewer    | Reached skill level 6 in Staves
  2196 | Sewer    | Gained mutation: You regenerate magic rapidly. [demonic
                  | ancestry]
  2196 | Sewer    | Reached XP level 6. HP: 31/44 MP: 6/6
  2338 | Sewer    | HP: 3/44 [kobold brigand/+0 club (3)]
  2878 | D:3      | Reached skill level 7 in Staves
  3408 | D:4      | Found a staircase to the Ecumenical Temple.
  3593 | D:4      | Reached XP level 7. HP: 28/50 MP: 7/7
  3987 | D:4      | Noticed Natasha
  3999 | D:4      | Killed Natasha
  4152 | D:4      | Noticed Natasha
  4167 | D:4      | Killed Natasha
  4224 | D:4      | Noticed Natasha
  4233 | D:4      | Killed Natasha
  4250 | D:5      | Reached skill level 8 in Staves
  4810 | D:5      | Reached skill level 9 in Staves
  4810 | D:5      | Gained mutation: You have a pair of horns on your head.
                  | [demonic ancestry]
  4810 | D:5      | Reached XP level 8. HP: 54/56 MP: 8/8
  4862 | Temple   | Entered the Ecumenical Temple
  4903 | Temple   | Became a worshipper of Kikubaaqudgha
  4922 | D:4      | Learned a level 1 spell: Kiss of Death
  5674 | D:6      | Identified the +2 pair of gloves of Depression {Fly rC+}
  5775 | D:6      | Found a broken altar of Ashenzari.
  5814 | D:6      | Found a runed translucent door.
  5818 | D:6      | Noticed Hubris850's ghost (novice MfIE)
  5923 | D:6      | Reached skill level 10 in Staves
  6035 | D:6      | Noticed a hornet
  6044 | D:6      | Paralysed by a hornet for 1 turns
  6046 | D:6      | Slain by a hornet

Vanquished Creatures
  A water moccasin (D:5)
  An ice beast (D:5)
  An ogre (D:6)
  A centaur (D:6)
  3 kobold brigands (Sewer)
  2 bullfrogs
  A scorpion (D:6)
  2 necrophages
  2 howler monkeys
  An orc priest (D:4)
  2 hounds
  A jelly (D:5)
  A gnoll bouda (D:4)
  3 orc wizards
  Natasha (thrice) (D:4)
  4 gnolls (D:4)
  2 river rats (Sewer)
  10 adders
  An ufetubus (D:5)
  2 worms
  3 dart slugs
  11 orcs
  6 bats
  6 endoplasms
  4 giant cockroaches
  3 goblins
  4 hobgoblins
  7 jackals
  2 kobolds
  10 ball pythons
  8 frilled lizards
  9 rats
117 creatures vanquished.

Vanquished Creatures (others)
  8 plants (Sewer)
8 creatures vanquished.

Grand Total: 125 creatures vanquished

Table legend: (Time is in decaauts)
 A = Elapsed time spent in this place.
 B = Non-inter-level travel time spent in this place.
 C = Inter-level travel time spent in this place.
 D = Time resting spent in this place.
 E = Time spent auto-exploring this place.
 F = Levels seen in this place.
 G = Mean time per level.
                   A        B        C        D        E       F      G
               +--------+--------+--------+--------+--------+-----+--------+
         Total |   6189 |   5931 |    258 |    706 |   4121 |   8 |  773.6 |
       Dungeon |   5200 |   4953 |    247 |    470 |   3588 |   6 |  866.7 |
        Temple |     51 |     41 |     10 |      0 |     29 |   1 |   51.0 |
         Sewer |    937 |    937 |      0 |    236 |    503 |   1 |  937.0 |
               +--------+--------+--------+--------+--------+-----+--------+

Top non-repeatable levels by time:
     D:5: 1177 daAuts
     D:4: 1113 daAuts
   Sewer: 937 daAuts
     D:1: 826 daAuts
     D:2: 757 daAuts
     D:6: 669 daAuts
     D:3: 656 daAuts
  Temple: 51 daAuts

Table legend:
 A = Non-vault XP
 B = Vault XP
 C = Vault XP percentage of total XP
 D = Non-vault monster count
 E = Vault monster count
 F = Vault count percentage of total count
                 A         B        C        D         E       F
            +---------+---------+-------+---------+---------+-------
      Total |    1677 |     452 |  21.2 |      83 |      34 |  29.1
            +---------+---------+-------+---------+---------+-------
        D:1 |      34 |       0 |   0.0 |      19 |       0 |   0.0
        D:2 |     107 |      15 |  12.3 |       7 |       7 |  50.0
        D:3 |      78 |       3 |   3.7 |      16 |       2 |  11.1
        D:4 |     470 |      33 |   6.6 |      20 |       1 |   4.8
        D:5 |     464 |       0 |   0.0 |      14 |       0 |   0.0
        D:6 |     524 |      39 |   6.9 |       7 |       3 |  30.0
      Sewer |       0 |     362 | 100.0 |       0 |      21 | 100.0
            +---------+---------+-------+---------+---------+-------
